 Dungeon Crawl Stone Soup version 0.21-a0-582-g1b93aee (webtiles) character file.

119 teukkam the Insei (level 5, 0/37 HPs)
             Began as a Gnoll Wanderer on Dec 19, 2017.
             Succumbed to a scorpion's poison
             ... while paralysed
             ... on level 3 of the Dungeon.
             The game lasted 00:06:03 (1300 turns).

teukkam the Insei (Gnoll Wanderer)                  Turns: 1300, Time: 00:06:03

Health: 0/37       AC:  3    Str: 15    XL:     5   Next: 3%
Magic:  6/6        EV:  2    Int: 17    God:
Gold:   116        SH:  0    Dex: 17    Spells: 6/6 levels left

rFire    . . .     SeeInvis .   a - +2 dagger
rCold    . . .     Gourm    .   (no shield)
rNeg     . . .     Faith    .   e - +1 robe
rPois    .         Spirit   .   (no helmet)
rElec    .         Reflect  .   (no cloak)
rCorr    .         Harm     .   (no gloves)
MR       .....                  (no boots)
Stlth    +++.......             b - amulet of inaccuracy (curse)
HPRegen  0.12/turn              (no ring)
MPRegen  0.10/turn              (no ring)

@: paralysed, brilliant, lethally poisoned (0 -> -22), berserk cooldown, hasted
and slowed
A: distributed training, fangs 1, strong nose
a: no special abilities


You were on level 3 of the Dungeon.
You were not hungry.

You visited 1 branch of the dungeon, and saw 3 of its levels.

You collected 116 gold pieces.

Inventory:

Hand Weapons
 a - a +2 dagger (weapon)
Missiles
 g - 72 stones (quivered)
 h - 24 arrows
Armour
 e - a +1 robe (worn)
Jewellery
 b - a cursed amulet of inaccuracy (around neck)
Potions
 c - a potion of lignification
 i - a potion of brilliance
 j - a potion of berserk rage
 k - a potion of heal wounds
 l - a potion of curing
Comestibles
 f - 2 rations
 m - 3 chunks of flesh


   Skills:
 + Level 1.3 Fighting
 + Level 1.3 Short Blades
 + Level 1.3 Long Blades
 + Level 1.3 Axes
 + Level 2.8 Maces & Flails
 + Level 1.3 Polearms
 + Level 1.3 Staves
 + Level 1.3 Slings
 + Level 1.3 Bows
 + Level 1.3 Crossbows
 + Level 2.8 Throwing
 + Level 4.7 Armour
 + Level 2.8 Dodging
 + Level 4.3 Stealth
 + Level 1.3 Shields
 + Level 6.6 Unarmed Combat
 + Level 1.3 Spellcasting
 + Level 1.0 Conjurations
 + Level 1.0 Hexes
 + Level 1.0 Charms
 + Level 1.0 Summonings
 + Level 1.0 Necromancy
 + Level 1.0 Translocations
 + Level 1.0 Transmutations
 + Level 1.0 Fire Magic
 + Level 1.0 Ice Magic
 + Level 1.0 Air Magic
 + Level 1.0 Earth Magic
 + Level 1.0 Poison Magic
 + Level 1.4 Invocations
 + Level 1.3 Evocations


You had 6 spell levels left.
You didn't know any spells.

Dungeon Overview and Level Annotations

Branches:
Dungeon (3/15)

Altars:


Innate Abilities, Weirdness & Mutations

Your experience applies equally to all skills.
You have very sharp teeth.
Your uncanny sense of smell can sniff out nearby items.


Message History

Your Earth Magic skill increases to level 1!
Your Poison Magic skill increases to level 1!
You have reached level 5!
* * * LOW HITPOINT WARNING * * *
You feel sick.
You are too berserk!
* * * LOW HITPOINT WARNING * * *
You feel sick.
You see here a scorpion corpse.
You feel a strong urge to attack something.
* * * LOW HITPOINT WARNING * * *
You feel sick.
You see here 18 gold pieces.
* * * LOW HITPOINT WARNING * * *
You feel sick.
You see here a scorpion corpse.
You feel your anger nearly subside.
You are no longer berserk.
You pass out from exhaustion.
You feel yourself slow down.
You die...

∆ ######### #....^..#
#.......#### #..≈.≈..#..#
+..@≈(..'..# #..§†≈..#..#
###### #####.......#..#
.....#####...#.......#..#
####.......###########..#
####.....### #....#....#
.....##...#####....#..###
#########.........(..##
#######.....##


There were no monsters in sight!

Vanquished Creatures
  A scorpion (D:3)
  3 adders
  An ooze (D:1)
  2 worms
  3 leopard geckos
  2 bats (D:2)
  8 goblins
  5 hobgoblins
  2 jackals
  2 frilled lizards
29 creatures vanquished.

Notes
Turn   | Place    | Note
-------+----------+-------------------------------------------
     0 | D:1      | teukkam the Gnoll Wanderer began the quest for the Orb.
     0 | D:1      | teukkam set off with: a +2 dagger, a potion of heal wounds, a potion of lignification, a potion of curing, a +0 robe, a ration
     0 | D:1      | Reached XP level 1. HP: 13/13 MP: 1/1
   133 | D:1      | Reached XP level 2. HP: 12/19 MP: 2/2
   439 | D:1      | Reached XP level 3. HP: 25/25 MP: 3/3
   729 | D:2      | Reached skill level 1 in Invocations
   765 | D:2      | Reached skill level 1 in Fighting
   765 | D:2      | Reached skill level 1 in Short Blades
   765 | D:2      | Reached skill level 1 in Long Blades
   765 | D:2      | Reached skill level 1 in Axes
   765 | D:2      | Reached skill level 1 in Polearms
   765 | D:2      | Reached skill level 1 in Staves
   765 | D:2      | Reached skill level 1 in Slings
   765 | D:2      | Reached skill level 1 in Bows
   765 | D:2      | Reached skill level 1 in Crossbows
   765 | D:2      | Reached skill level 1 in Shields
   765 | D:2      | Reached skill level 1 in Spellcasting
   765 | D:2      | Reached skill level 1 in Evocations
   904 | D:2      | Reached XP level 4. HP: 19/32 MP: 5/5
  1296 | D:3      | Reached skill level 1 in Conjurations
  1296 | D:3      | Reached skill level 1 in Hexes
  1296 | D:3      | Reached skill level 1 in Charms
  1296 | D:3      | Reached skill level 1 in Summonings
  1296 | D:3      | Reached skill level 1 in Necromancy
  1296 | D:3      | Reached skill level 1 in Translocations
  1296 | D:3      | Reached skill level 1 in Transmutations
  1296 | D:3      | Reached skill level 1 in Fire Magic
  1296 | D:3      | Reached skill level 1 in Ice Magic
  1296 | D:3      | Reached skill level 1 in Air Magic
  1296 | D:3      | Reached skill level 1 in Earth Magic
  1296 | D:3      | Reached skill level 1 in Poison Magic
  1296 | D:3      | Reached XP level 5. HP: 6/37 MP: 6/6
  1299 | D:3      | HP: 2/55 [poisoned by a scorpion]
  1300 | D:3      | Succumbed to a scorpion's poison

Vault maps used:
D:1:      onia_arrival_mini_maze_b
D:2:      minmay_misc_feat_x
D:3:      kennysheep_generic_room_10

Skill      XL: |  1  2  3  4 |
---------------+-------------+-----
Invocations    | 1 |  1.4
Fighting       | 1 |  1.3
Short Blades   | 1 |  1.3
Long Blades    | 1 |  1.3
Axes           | 1 |  1.3
Polearms       | 1 |  1.3
Staves         | 1 |  1.3
Slings         | 1 |  1.3
Bows           | 1 |  1.3
Crossbows      | 1 |  1.3
Shields        | 1 |  1.3
Spellcasting   | 1 |  1.3
Evocations     | 1 |  1.3
Conjurations   | 1 |  1.0
Hexes          | 1 |  1.0
Charms         | 1 |  1.0
Summonings     | 1 |  1.0
Necromancy     | 1 |  1.0
Translocations | 1 |  1.0
Transmutations | 1 |  1.0
Fire Magic     | 1 |  1.0
Ice Magic      | 1 |  1.0
Air Magic      | 1 |  1.0
Earth Magic    | 1 |  1.0
Poison Magic   | 1 |  1.0
Maces & Flails | |  2.8
Throwing       | |  2.8
Armour         | |  4.7
Dodging        | |  2.8
Stealth        | |  4.3
Unarmed Combat | |  6.6

Action                   |  1- 3 |  4- 6 || total
-------------------------+-------+-------++-------
Melee: Dagger            |    85 |    19 ||   104
       Bite              |     9 |     2 ||    11
       Punch             |     1 |       ||     1
  Use: Potion            |     3 |     3 ||     6
       Scroll            |     2 |     2 ||     4
 Stab: Sleeping          |     7 |       ||     7
  Eat: Chunk             |       |     1 ||     1
Armor: Robe              |    10 |     2 ||    12
       Skin              |     2 |       ||     2
Dodge: Dodged            |    44 |     7 ||    51

Table legend:
 A = Spawn XP
 B = Non-spawn XP
 C = Spawn XP percentage of total XP
 D = Spawn monster count
 E = Non-spawn monster count
 F = Spawn count percentage of total count
 G = Total turns spent on level
                    A         B        C        D         E        F      G
               +---------+---------+-------+---------+---------+-------+---------
         Total |       0 |     170 |   0.0 |       0 |      29 |   0.0 |  1300
               +---------+---------+-------+---------+---------+-------+---------
           D:1 |       0 |      39 |   0.0 |       0 |      11 |   0.0 |   521
           D:2 |       0 |      54 |   0.0 |       0 |      14 |   0.0 |   660
           D:3 |       0 |      77 |   0.0 |       0 |       4 |   0.0 |   119
               +---------+---------+-------+---------+---------+-------+---------
